 Dungeon Crawl Stone Soup version 0.29.1-2-gbd0b4ee654 (webtiles) character file.

Game seed: 9823793944114083057

39 Ivernyr the Trooper (level 3, -2/20 HPs)
             Began as a Vine Stalker Fighter on Oct 29, 2022.
             Slain by a gnoll
             ... wielding a +0 whip
              (6 damage)
             ... on level 2 of the Dungeon.
             The game lasted 00:02:29 (1603 turns).

Ivernyr the Trooper (Vine Stalker Fighter)          Turns: 1603, Time: 00:02:30

Health: -2/20      AC: 10    Str: 18    XL:     3   Next: 45%
Magic:  0/4        EV:  9    Int:  8    God:
Gold:   62         SH:  5    Dex: 15    Spells: 2/2 levels left

rFire   . . .      SeeInvis .   a - +0 long sword
rCold   . . .      Faith    .   c - +0 buckler
rNeg    . . .      Spirit   +   b - +0 scale mail
rPois   .          Reflect  .   (no helmet)
rElec   .          Harm     .   (no cloak)
rCorr   .          Rampage  .   (no gloves)
Will    .....                   (no boots)
Stlth   ..........              f - amulet of magic regeneration
HPRegen 0.06/turn               e - +4 ring of protection
MPRegen 0.49/turn               (no ring)

@: no status effects
A: fangs 2, magic shield, antimagic bite, no potion heal 2
a: no special abilities


You were on level 2 of the Dungeon.
You visited 1 branch of the dungeon, and saw 2 of its levels.

You collected 62 gold pieces.

Inventory:

Hand Weapons
 a - a +0 long sword (weapon)
Armour
 b - a +0 scale mail (worn)
 c - a +0 buckler (worn)
Jewellery
 e - a +4 ring of protection (left hand)
 f - an amulet of magic regeneration (around neck)
Scrolls
 h - a scroll of vulnerability {unknown}
Potions
 d - a potion of might
 g - a potion of heal wounds {unknown}
 i - a potion of invisibility {unknown}


   Skills:
 + Level 3.0 Fighting
 + Level 2.2 Long Blades
 + Level 2.7 Armour
 + Level 0.8 Dodging
 + Level 3.0 Shields


You had 2 spell levels left.
You didn't know any spells.
Your spell library contained the following spells:

 Spells                   Type           Power      Damage    Failure   Level
 Gell's Gravitas          Tloc           0%         N/A       99%         3
 Lesser Beckoning         Tloc           0%         N/A       99%         3
 Teleport Other           Tloc           0%         N/A       99%         3


Dungeon Overview and Level Annotations

Branches:
Dungeon (2/15)

Altars:


Innate Abilities, Weirdness & Mutations

You have extremely sharp teeth.
When hurt, damage is shared between your health and your magic reserves.
Your bite disrupts and absorbs the magic of your enemies.
Potions cannot restore your health.


Message History

A goblin comes into view. It is wielding a +0 club.
Found 3 stones.
The goblin shouts!
The gnoll throws a throwing net.
The throwing net hits you.
You become entangled in the net!
You see here a throwing net.
You struggle against the net.
You struggle against the net.
You struggle against the net.
The gnoll hits you from afar with a +0 halberd.
You shred the net and break free! You block the gnoll's attack.
The goblin misses you. The goblin closely misses you.
The goblin hits you but does no damage. You block the gnoll's attack.
The goblin closely misses you. The goblin attacks as you move away!
The goblin hits you but does no damage.
You hit the goblin. Your bite misses the goblin.
The goblin is moderately wounded.
The goblin closely misses you.
You hit the goblin.
The goblin is heavily wounded.
The gnoll hits you but does no damage. The goblin hits you but does no damage.
The goblin completely misses you.
You slash the goblin!
You kill the goblin!
The gnoll hits you from afar with a +0 spear.
You barely miss the gnoll. You block the gnoll's attack.
The gnoll hits you from afar with a +0 halberd.
The gnoll hits you from afar with a +0 spear.
You barely miss the gnoll. Your bite misses the gnoll.
The gnoll hits you with a +0 whip. The gnoll barely misses you.
You block the gnoll's attack. x2
The gnoll hits you from afar with a +0 spear!
* * * LOW HITPOINT WARNING * * *
The gnoll barely misses you.
You barely miss the gnoll. The gnoll misses you. x2
The gnoll hits you from afar with a +0 spear.
* * * LOW HITPOINT WARNING * * *
The gnoll attacks as you move away! The gnoll hits you with a +0 whip!
You die...

#.# ..#.#
#.#(##.#.##### #
#.#.#..#.....# ###.
#. ..........#
....##.###.##...?.##
.....#.............#
##....##...gg###.
#..P...#####g#
.....♣.gP#####@#
.... ♣♣P....##.# ...
♣.....##)### ..
.P.♣P.>..##..<# #
#....P..####.#
#.P♣♣P.......#


#gP ♣♣P..#..## # .... ♣P..#..##.##... ###<. P^.............. You could see 3
gnolls.

Vanquished Creatures
  A dart slug (D:1)
  8 endoplasms
  A giant cockroach (D:1)
  3 hobgoblins (D:1)
  4 jackals (D:1)
  A kobold (D:1)
  A quokka (D:1)
  3 ball pythons (D:1)
  A bat (D:1)
  5 frilled lizards
  3 goblins
  A rat (D:1)
32 creatures vanquished.

Notes
Turn   | Place    | Note
-------+----------+-------------------------------------------
     0 | D:1      | Ivernyr the Vine Stalker Fighter began the quest for the
                  | Orb.
     0 | D:1      | Reached XP level 1. HP: 11/11 MP: 2/2
   381 | D:1      | Found a faded altar of an unknown god.
   422 | D:1      | Reached XP level 2. HP: 16/16 MP: 3/3
   843 | D:1      | Reached XP level 3. HP: 12/19 MP: 2/4
  1603 | D:2      | Slain by a gnoll

Illustrated notes

Levels and vault maps discovered:
D:1:      dpeg_arrival_pits, layout_basic,
          dreamdust_ecumenical_altar_hidden_monk_grotto,
          chequers_serial_rivers_small_3
D:2:      layout_basic, serial_forest, infiniplex_forest_end_double,
          infiniplex_forest_clump_tiny, infiniplex_forest_diagonal,
          infiniplex_forest_clump_double, infiniplex_forest_clump_C,
          infiniplex_forest_end_2, uniq_crazy_yiuf_cottage

Skill      XL: |  1  2  3 |
---------------+----------+-----
Long Blades    | 2 |  2.2
Fighting       | 3 |  3.0
Shields        | 3 |  3.0
Armour         | |  2.7
Dodging        | |  0.8

Action                   || total
-------------------------++-------
Melee: Long sword        ||    76
       Bite              ||    18
Armor: Scale mail        ||    27
Dodge: Dodged            ||    43
Block: Buckler           ||    22
